 Dungeon Crawl Stone Soup version 0.32-a0-772-g33df2375a9 (webtiles) character file.

Game seed: 15694226398451299103

257268 Ajdolov the Marksgoblin (level 19, -12/155 HPs)
             Began as a Coglin Hunter on Mar 19, 2024.
             Was an Initiate of Gozag.
             Blown up by Boris (70 damage)
             ... with an orb of destruction
             ... on level 3 of the Vaults.
             The game lasted 01:42:19 (37852 turns).

Ajdolov the Marksgoblin (Coglin Hunter)            Turns: 37852, Time: 01:42:20

Health: -12/155    AC: 23    Str: 10    XL:     19   Next: 83%
Magic:  19/19      EV: 23    Int:  8    God:    Gozag
Gold:   1249       SH:  0    Dex: 24    Spells: 15/18 levels left

rFire   + . .        g - +9 hand cannon (flame) {Kenzo}
rCold   . . .        B - +5 sling (elec) {Li}
rNeg    . . .        n - +3 leather armour of Coci {rElec rF+}
rPois   +            f - +0 helmet
rElec   +            w - +2 cloak
rCorr   +            N - +2 pair of gloves
SInv    .            O - +5 pair of boots of the Planets {^Drain rPois Will+++ Str-4}
Will    +++++        (amulet unavailable)
Stlth   ++           (ring unavailable)
HPRegen 1.25/turn    (ring unavailable)
MPRegen 0.56/turn    K - ablative turbine {rPois Will+ Regen+ RegenMP+ rCorr}

%: no passive effects
@: gold aura, revved
A: off-hand wielding, slow wielding, warmup strikes, no jewellery
}: 2/15 runes: barnacled, gossamer
a: Renounce Religion, Potion Petition, Call Merchant, Bribe Branch


You were on level 3 of the Vaults.
You worshipped Gozag.
Gozag was most pleased with you.
You visited 7 branches of the dungeon, and saw 34 of its levels.
You visited 1 bazaar.
You also visited: Gauntlet.

You collected 13710 gold pieces.
You spent 6985 gold pieces at shops.
You paid 5476 gold pieces to Gozag.

Inventory:

Hand Weapons
 g - a +9 hand cannon of flaming (weapon) {Kenzo}
 q - the +8 autumn katana {manifold assault}
   (You bought it in a shop in a bazaar)
 r - a +2 vampiric demon blade
 B - a +5 sling of electrocution (offhand) {Li}
Missiles
 l - 8 curare-tipped darts
 U - 3 throwing nets
Armour
 f - a +0 helmet (worn)
 n - the +3 leather armour of Coci (worn) {rElec rF+}
   (You bought it in a shop in a bazaar)

   rF+:       It protects you from fire.
   rElec:     It insulates you from electricity.
 w - a +2 cloak (worn)
 N - a +2 pair of gloves (worn)
 O - the +5 pair of boots of the Planets (worn) {^Drain rPois Will+++ Str-4}
   (You found it on level 10 of the Dungeon)

   Str-4:     It affects your strength (-4).
   rPois:     It protects you from poison.
   Will+++:   It greatly increases your willpower.
   ^Drain:    It drains your maximum health when unequipped.
Gizmo
 K - an ablative turbine (installed) {rPois Will+ Regen+ RegenMP+ rCorr}
   (You invented it yourself on level 4 of the Lair of Beasts)

   [ablative turbine]

   rPois:     It protects you from poison.
   Will+:     It increases your willpower.
   Regen+:    It increases your rate of health regeneration.
   rCorr:     It protects you from acid and corrosion.
   RegenMP+:  It increases your rate of magic regeneration.
Wands
 k - a wand of flame (35)
 o - a wand of mindburst (27)
 C - a wand of paralysis (45)
 E - a wand of acid (20)
 G - a wand of digging (10)
 H - a wand of iceblast (18)
 R - a wand of polymorph (13)
Scrolls
 b - 5 scrolls of blinking
 h - 5 scrolls of immolation
 i - 5 scrolls of amnesia
 m - 7 scrolls of revelation
 s - 10 scrolls of poison
 t - 8 scrolls of fog
 u - 10 scrolls of vulnerability
 y - 15 scrolls of teleportation
 D - 4 scrolls of fear
 L - 7 scrolls of identify
 M - 7 scrolls of enchant armour
 S - a scroll of enchant weapon
 T - 2 scrolls of summoning
 V - a scroll of silence
Potions
 a - 11 potions of curing
 c - 2 potions of cancellation
 d - 7 potions of ambrosia
 e - 4 potions of attraction
 j - 5 potions of brilliance
 p - 6 potions of resistance
 v - 9 potions of enlightenment
 x - 4 potions of haste
 z - a potion of lignification
 F - 4 potions of invisibility
 I - 9 potions of heal wounds
 P - 2 potions of mutation
Miscellaneous
 A - a box of beasts


   Skills:
 - Level 15.0 Fighting
 - Level 18.0 Ranged Weapons
 + Level 15.3 Armour
 - Level 15.0 Dodging
 - Level 0.7 Stealth
 - Level 6.5 Unarmed Combat
 + Level 7.8 Air Magic
 - Level 10.0 Evocations


You had 15 spell levels left.
You knew the following spells:

 Your Spells              Type           Power      Damage    Failure   Level
a - Swiftness             Air            12%        N/A       6%          3

Your spell library contained the following spells:

 Spells                   Type           Power      Damage    Failure   Level
 Magic Dart               Conj           0%         1d3       47%         1
 Necrotise                Necr           0%         1d4       47%         1
 Blink                    Tloc           0%         N/A       63%         2
 Call Imp                 Summ           0%         N/A       63%         2
 Ensorcelled Hibernation  Hex/Ice        0%         N/A       63%         2
 Lesser Beckoning         Tloc           0%         N/A       63%         2
 Momentum Strike          Conj/Tloc      0%         3d8       63%         2
 Scorch                   Fire           0%         2d5       63%         2
 Searing Ray              Conj           0%         2d4       63%         2
 Summon Lightning Spire   Summ/Air       6%         N/A       71%         4
 Vhi's Electric Charge    Tloc/Air       12%        N/A       71%         4
 Fugue of the Fallen      Necr           0%         N/A       85%         3
 Gell's Gravitas          Tloc           0%         N/A       85%         3
 Inner Flame              Hex/Fire       0%         N/A       85%         3
 Passwall                 Erth           0%         N/A       85%         3
 Teleport Other           Tloc           0%         N/A       85%         3
 Vampiric Draining        Necr           0%         2d6       85%         3
 Volatile Blastmotes      Fire/Tloc      0%         2d10      85%         3
 Arcjolt                  Conj/Air       3%         1d13      96%         5
 Anguish                  Hex/Necr       0%         N/A       99%         4
 Animate Armour           Summ/Erth      0%         N/A       99%         4
 Cause Fear               Hex            0%         N/A       99%         4
 Flame Wave               Conj/Fire      0%         2d4       99%         4
 Fulminant Prism          Conj/Alch      0%         3d5       99%         4
 Ignite Poison            Fire/Alch      0%         N/A       99%         4
 Leda's Liquefaction      Alch/Erth      0%         N/A       99%         4
 Martyr's Knell           Necr/Summ      0%         N/A       99%         4
 Passage of Golubria      Tloc           0%         N/A       99%         4
 Petrify                  Alch/Erth      0%         N/A       99%         4
 Sticky Flame             Fire/Alch      0%         2d4       99%         4
 Summon Blazeheart Golem  Fire/Summ      0%         N/A       99%         4
 Curse of Agony           Necr           0%         N/A       100%        5
 Fireball                 Conj/Fire      0%         3d3       100%        5
 Irradiate                Conj/Alch      0%         3d11      100%        5
 Lee's Rapid Deconstruct  Erth           0%         3d4*      100%        5
 Metabolic Englaciation   Hex/Ice        0%         N/A       100%        5
 Summon Forest            Summ/Tloc      0%         N/A       100%        5
 Summon Mana Viper        Hex/Summ       0%         N/A       100%        5
 Bombard                  Conj/Erth      0%         9d1       100%        6
 Permafrost Eruption      Ice/Erth       0%         2x4d2     100%        6
 Summon Cactus Giant      Summ           0%         N/A       100%        6
 Malign Gateway           Summ/Tloc      0%         N/A       100%        7
 Orb of Destruction       Conj           0%         9d5       100%        7
 Spellforged Servitor     Conj/Summ      0%         N/A       100%        7
 Ignition                 Fire           0%         3d3       100%        8
 Maxwell's Capacitive Co  Air            6%         ∞         100%        8
 Summon Horrible Things   Summ           0%         N/A       100%        8
 Dragon's Call            Summ           0%         N/A       100%        9
 Shatter                  Erth           0%         3d5*      100%        9


Dungeon Overview and Level Annotations

Branches:
Dungeon (15/15)            Temple (0/1) D:6            Lair (5/5) D:8
 Shoals (4/4) Lair:2       Spider (4/4) Lair:3        Slime (0/5) Lair:4
    Orc (2/2) D:9             Elf (0/3) Orc:2        Vaults (3/5) D:13
  Crypt (0/3) Vaults:2     Depths (0/4) D:15           Hell (visited)
Gauntlet (visited)
    Dis: Hell:1         Geh: Hell:1         Coc: Hell:1         Tar: Hell:1

Altars:
Ashenzari
Gozag
Kikubaaqudgha
Makhleb
Nemelex Xobeh
Okawaru
Sif Muna
Uskayaw
Vehumet
Xom
Yredelemnul
Jiyva

Shops:
D:6 (*   D:8 ([   D:10 ?   D:11 (   D:15 (*   Orc:1 [(   Orc:2 :[[[   Lair:4 (
Shoals:3 ?   Spider:4 *   Vaults:2 ?:

Portals:
Hell: Lair:5

Annotations:
Lair:1 1 runed translucent door, anet's ghost, journeyman GrRe
Lair:4 1 runed translucent door
Shoals:3 3 runed translucent doors, Fyde's ghost, adept TeAE; Kifroibbe's ghost, adept DsMo; Plog's ghost, adept OpAl; Qachyfaph's ghost, adept DsGl
Spider:3 1 runed translucent door
Spider:4 1 exclusion
Vaults:3 Boris
Hell Geryon


Innate Abilities, Weirdness & Mutations

You can wield a second weapon in your off-hand.
It takes a long time for you to wield or remove held weapons.
Your first few attacks do less damage.
You cannot equip rings or amulets.


Message History

The ironbound thunderhulk is severely wounded.
Strange energies crackle from the ironbound thunderhulk's apparatus.
The ironbound thunderhulk blinks!
You shoot a sling bullet.
The sling bullet hits the ironbound thunderhulk.
The ironbound thunderhulk is severely wounded.
You shoot a slug.
The slug hits the ironbound thunderhulk!!
The slug burns the ironbound thunderhulk!
You kill the ironbound thunderhulk!
Boris, Master of Life and Death comes into view.
He is wearing the +3 robe of the Beginning {rF+ Dex+4 SInv}.
Unknown command.
You shoot a slug. The slug hits Boris!!
The slug burns Boris.
Boris is lightly damaged.
You shoot a sling bullet.
The sling bullet hits Boris but does no damage.
Boris is lightly damaged.
Unknown command.
You shoot a slug. The slug hits Boris!!
The slug burns Boris.
Boris is moderately damaged.
You shoot a sling bullet. The sling bullet barely misses Boris.
Unknown command.
You shoot a slug. The slug barely misses Boris.
You shoot a sling bullet.
The sling bullet hits Boris but does no damage.
Boris is moderately damaged.
Boris launches a ball of destructive magic.
An orb of destruction comes into view.
Unknown command.
You shoot a sling bullet. The sling bullet closely misses Boris.
You shoot a slug. The slug hits Boris!!
The slug burns Boris.
Boris is heavily damaged.
Boris conjures a glowing orb.
An orb of destruction comes into view.
There is a stone staircase leading up, spattered with blood here.
The orb of destruction hits you!!!!
Ouch! That really hurt!
Boris launches a ball of destructive magic.
The orb of destruction hits you!!!
You die...
Boris says, "I'll treasure this one."

##############
#.......$....#
#......°.○...#
#........°...#
#.......○@...#
#.....○○.....#
#....°○*.....#
#..$$.L......#
####$#########
..........p....
#####..........
#....O...##
#........#


You could see Boris.

Vanquished Creatures
  3 krakens
  Frances (Shoals:1)
  A frost giant (Shoals:4)
  4 vault wardens
  5 emperor scorpions
  4 ghost moths (Spider:4)
  2 orc warlords (Vaults:1)
  3 ironbound thunderhulks
  8 ironbound preservers
  2 broodmothers (Spider:4)
  A stone giant (D:15)
  A spark wasp (Spider:4)
  5 dire elephants
  A minotaur (Gauntlet)
  Josephine (Lair:3)
  2 merfolk javelineers (Shoals:4)
  Snorg (Lair:3)
  8 merfolk impalers
  2 entropy weavers
  An ice dragon (Spider:2)
  5 great orbs of eyes
  4 yaktaur captains
  5 ironbound frosthearts
  7 hydras
  9 vault guards
  3 merfolk aquamancers (Shoals:4)
  An ogre mage (D:15)
  2 merfolk avatars
  2 radroaches
  3 jorogumos (Spider:4)
  9 two-headed ogres
  3 catoblepae
  7 centaur warriors
  7 boulder beetles
  4 satyrs
  Urug (Lair:1)
  6 orc high priests
  6 demonic crawlers
  11 death yaks
  Sonja (D:11)
  A sun demon (Lair:5)
  A fire crab (Lair:3)
  2 skysharks
  4 pharaoh ants
  7 sea snakes
  15 deep trolls
  12 orb spiders
  9 arcanists
  Pikel (D:9)
  10 harpies
  6 steelbarb worms
  6 ironbound convokers
  7 lindwurms
  A necromancer (D:13)
  17 wolf spiders
  19 ugly things
  6 orc knights
  13 manticores
  4 orc sorcerers
  10 fauns
  4 moths of wrath
  7 cyclopes
  6 vault sentinels
  4 merfolk sirens
  An ice statue (Gauntlet)
  5 meliai (Spider:4)
  12 elephants
  A cane toad (shapeshifter) (D:15)
  An eye of devastation (Gauntlet)
  14 cane toads
  Maggie (D:9)
  4 water nymphs
  4 torpor snails
  7 black mambas
  2 orange demons (Lair:5)
  Jeremiah (Lair:1)
  A spectral unseen horror (D:9)
  5 rime drakes
  3 efreet
  7 komodo dragons
  3 tengu conjurers
  4 yaktaurs
  3 red devils (Lair:5)
  An ice devil (Lair:5)
  15 merfolk
  A hellwing (Lair:5)
  3 wind drakes
  29 tarantellas
  10 trolls
  5 polar bears
  Grinder (D:6)
  Prince Ribbit (D:5)
  6 dream sheep
  7 snapping turtles
  25 blink frogs
  30 slime creatures
  An air elemental (D:13)
  2 shadows
  36 jumping spiders
  6 water elementals
  14 culicivoras
  A spriggan (shapeshifter) (D:14)
  6 spriggans (Lair:1)
  6 wyverns
  4 wraiths
  5 basilisks
  A golden eye (Gauntlet)
  A human (shapeshifter) (D:15)
  65 yaks
  18 humans (D:13)
  A golden eye (shapeshifter) (D:14)
  2 steam dragons
  2 wargs
  6 vampire mosquitoes
  61 redbacks
  2 acid dragons
  4 hell hounds (Lair:5)
  17 water moccasins
  29 orc warriors
  An ice beast (D:6)
  9 black bears
  7 ogres
  2 laughing skulls (D:15)
  4 sky beasts
  8 wolves
  15 centaurs
  A boggart (Vaults:1)
  2 kobold brigands
  12 bullfrogs
  A gnoll sergeant (D:11)
  5 scorpions
  15 wights
  13 killer bees
  2 electric eels
  4 howler monkeys
  2 hounds (D:5)
  A gnoll bouda (D:7)
  38 orc priests
  A jelly (D:5)
  A centaur skeleton (D:9)
  4 iguanas
  27 orc wizards
  2 hell rats (Lair:3)
  A killer bee zombie (D:9)
  2 howler monkey zombies (D:9)
  6 adders
  12 gnolls
  A shadow imp (D:5)
  4 ufetubi
  4 ribbon worms
  3 dart slugs
  82 orcs
  4 ball pythons
  4 bats
  8 endoplasms
  4 giant cockroaches
  2 goblins
  2 hobgoblins
  A quokka (D:3)
  4 frilled lizards
  14 kobolds
  3 rats
  8 tentacles
1173 creatures vanquished.

Vanquished Creatures (collateral kills)
  A wolf spider (Spider:4)
  3 blink frogs (Lair:3)
4 creatures vanquished.

Vanquished Creatures (others)
  An orb spider (Spider:4)
  20 tentacles
21 creatures vanquished.

Grand Total: 1198 creatures vanquished

Notes
Turn   | Place    | Note
-------+----------+-------------------------------------------
     0 | D:1      | Ajdolov the Coglin Hunter began the quest for the Orb.
     0 | D:1      | Reached XP level 1. HP: 16/16 MP: 1/1
   179 | D:1      | Reached XP level 2. HP: 23/23 MP: 2/2
   634 | D:2      | Reached XP level 3. HP: 29/29 MP: 3/3
  1507 | D:3      | Reached XP level 4. HP: 36/37 MP: 4/4
  2030 | D:4      | Noticed an ogre
  2134 | D:4      | Noticed a water moccasin
  2189 | D:5      | Entered Level 5 of the Dungeon
  2209 | D:5      | Noticed an ogre
  2242 | D:5      | Noticed a black bear
  2326 | D:5      | Found an opulent altar of Gozag.
  2335 | D:5      | Became a worshipper of Gozag Ym Sagoz the Greedy
  2366 | D:5      | Reached skill level 5 in Fighting
  2366 | D:5      | Reached XP level 5. HP: 31/44 MP: 5/5
  2375 | D:5      | Reached skill level 1 in Unarmed Combat
  2545 | D:5      | Reached XP level 6. HP: 35/51 MP: 6/6
  2655 | D:5      | Killed a black bear
  2972 | D:5      | Noticed Prince Ribbit
  3050 | D:5      | Reached XP level 7. HP: 56/56 MP: 7/7
  3112 | D:6      | Reached skill level 5 in Unarmed Combat
  3202 | D:6      | Noticed Grinder
  3205 | D:6      | Killed Grinder
  3253 | D:6      | Reached XP level 8. HP: 42/62 MP: 8/8
  3374 | D:6      | Reached skill level 4 in Ranged Weapons
  3474 | D:6      | Found a staircase to the Ecumenical Temple.
  3483 | D:6      | Found Erchousits's General Store.
  3490 | D:6      | Bought a potion of curing for 30 gold pieces
  3757 | D:6      | Reached skill level 5 in Ranged Weapons
  4038 | D:4      | Reached skill level 6 in Ranged Weapons
  4601 | D:4      | Identified a scroll of acquirement
  4601 | D:4      | Acquired a +5 hand cannon of flaming
  4698 | D:6      | Reached skill level 7 in Ranged Weapons
  4827 | D:6      | Found a hide-covered altar of Uskayaw.
  4896 | D:6      | Reached XP level 9. HP: 60/68 MP: 9/9
  5251 | D:6      | Found Cereyw's Weapon Shoppe.
  5424 | D:5      | Killed Prince Ribbit
  5425 | D:5      | Reached skill level 8 in Ranged Weapons
  5588 | D:7      | Reached skill level 9 in Ranged Weapons
  5772 | D:7      | Found a sparkling altar of Nemelex Xobeh.
  6076 | D:8      | Found the amulet of Elemental Vulnerability {rPois rF--
                  | rC-- AC+8}
  6102 | D:8      | Reached skill level 10 in Ranged Weapons
  6311 | D:8      | Reached skill level 1 in Evocations
  6311 | D:8      | Reached XP level 10. HP: 74/74 MP: 10/10
  6519 | D:8      | Reached skill level 11 in Ranged Weapons
  6533 | D:8      | Found a staircase to the Lair.
  6589 | D:8      | Found Vuke's Armour Shop.
  6592 | D:8      | Noticed a two-headed ogre
  6601 | D:8      | Killed a two-headed ogre
  6764 | D:8      | Bought a +2 leather armour of willpower for 209 gold pieces
  6801 | D:8      | Found a radiant altar of Vehumet.
  6966 | D:8      | Found a broken altar of Ashenzari.
  7009 | D:8      | Noticed a two-headed ogre
  7013 | D:8      | Killed a two-headed ogre
  7014 | D:8      | Reached skill level 5 in Evocations
  7098 | D:8      | Found a shimmering blue altar of Sif Muna.
  7653 | Lair:1   | Entered Level 1 of the Lair of Beasts
  7728 | Lair:1   | Reached skill level 12 in Ranged Weapons
  7753 | Lair:1   | Reached XP level 11. HP: 36/79 MP: 11/11
  8140 | Lair:1   | Found a shimmering altar of Xom.
  8140 | Lair:1   | Noticed anet's ghost (journeyman GrRe)
  8141 | Lair:1   | Found a runed translucent door.
  8141 | Lair:1   | Noticed a +2 hand axe of chaos
  8727 | D:9      | Noticed Maggie
  8734 | D:9      | Killed Maggie
  9144 | D:9      | Reached skill level 5 in Dodging
  9145 | D:9      | Noticed a two-headed ogre
  9159 | D:9      | Killed a two-headed ogre
  9199 | D:9      | Found a staircase to the Orcish Mines.
  9266 | D:9      | Noticed Pikel
  9279 | D:9      | Killed Pikel
  9383 | D:9      | Found an iron altar of Okawaru.
  9451 | D:9      | Identified the +10 glaive of Shrieking Terror {elec, Dex+6}
  9723 | D:10     | Entered Level 10 of the Dungeon
  9767 | D:10     | Found Val Ady's Magic Scroll Shop.
  9770 | D:10     | Bought a scroll of identify for 28 gold pieces
  9818 | D:10     | Noticed a lindwurm
  9818 | D:10     | Noticed a lindwurm
  9818 | D:10     | Noticed a lindwurm
  9819 | D:10     | Noticed a lindwurm
  9970 | D:10     | Killed a lindwurm
  9982 | D:10     | Killed a lindwurm
  9983 | D:10     | Killed a lindwurm
  9984 | D:10     | Reached XP level 12. HP: 78/86 MP: 12/12
 10372 | D:10     | Reached skill level 13 in Ranged Weapons
 10725 | D:11     | Noticed Sonja
 10848 | D:11     | Killed Sonja
 11247 | D:11     | Noticed a boulder beetle
 11260 | D:11     | Killed a boulder beetle
 11261 | D:11     | Reached skill level 14 in Ranged Weapons
 11762 | D:8      | Bought a +4 sling of electrocution for 385 gold pieces
 12221 | Lair:1   | Noticed Jeremiah
 12227 | Lair:1   | Killed Jeremiah
 12625 | Lair:1   | Noticed Urug
 12631 | Lair:1   | Killed Urug
 12861 | Lair:2   | Reached XP level 13. HP: 92/94 MP: 13/13
 13003 | Lair:2   | Reached skill level 15 in Ranged Weapons
 13617 | Lair:2   | Found a staircase to the Shoals.
 14184 | Lair:3   | Noticed Snorg
 14187 | Lair:3   | Killed Snorg
 14301 | Lair:3   | Noticed Josephine
 14341 | Lair:3   | Killed Josephine
 14425 | Lair:3   | Found a hole to the Spider Nest.
 14461 | Lair:2   | Reached skill level 16 in Ranged Weapons
 15251 | Lair:3   | Reached XP level 14. HP: 101/108 MP: 14/14
 15435 | Lair:3   | Reached skill level 17 in Ranged Weapons
 16320 | Lair:4   | Reached skill level 10 in Fighting
 16476 | Lair:4   | Found a runed translucent door.
 16476 | Lair:4   | Found a viscous altar of Jiyva.
 16476 | Lair:4   | Noticed an azure jelly
 16674 | Lair:4   | Acquired an ablative turbine {rPois Will+ Regen+ RegenMP+
                  | rCorr}
 16991 | Lair:4   | Found a staircase to the Slime Pits.
 16991 | Lair:4   | Noticed an azure jelly
 17030 | Lair:5   | Entered Level 5 of the Lair of Beasts
 17100 | Lair:5   | Noticed a dire elephant
 17106 | Lair:5   | Killed a dire elephant
 17107 | Lair:5   | Reached skill level 18 in Ranged Weapons
 17347 | Lair:5   | Reached skill level 10 in Dodging
 17451 | Lair:5   | Reached skill level 1 in Armour
 17681 | Lair:5   | Reached XP level 15. HP: 115/115 MP: 15/15
 18519 | D:12     | Reached skill level 5 in Armour
 19132 | D:13     | Paralysed by an air elemental for 1 turns
 19537 | D:13     | Identified the +0 robe of Xymoeg {rElec rF+}
 19547 | D:13     | Found a gate to the Vaults.
 19799 | D:10     | Identified the +5 pair of boots of the Planets {^Drain
                  | rPois Will+++ Str-4}
 19805 | D:10     | Identified the ring "Cacvierchig" {rN+ Int+6}
 19964 | D:13     | Identified the +10 hand axe of Tenacity {heavy, Will+ Str+3
                  | Dex+4}
 20436 | Orc:1    | Entered Level 1 of the Orcish Mines
 20516 | Orc:1    | Found Bufe Mag's Armour Boutique.
 20645 | Orc:2    | Entered Level 2 of the Orcish Mines
 20848 | Orc:2    | Found Plog's Armour Shop.
 20851 | Orc:2    | Found Nanuw's Antique Armour Shop.
 20852 | Orc:2    | Found Urageuj's Antique Armour Boutique.
 20856 | Orc:2    | Found Moyruoho's Book Boutique.
 20878 | Orc:2    | Reached skill level 10 in Armour
 21056 | Orc:2    | Found a staircase to the Elven Halls.
 21386 | Orc:1    | Found Itaut's Weapon Emporium.
 22241 | D:14     | Reached XP level 16. HP: 122/122 MP: 16/16
 22570 | D:15     | Entered Level 15 of the Dungeon
 22570 | D:15     | Found a shimmering altar of Xom.
 22694 | D:15     | Found Bikaggo's General Store.
 22702 | D:15     | Bought a potion of curing for 42 gold pieces
 22702 | D:15     | Bought a wand of acid (5) for 294 gold pieces
 22702 | D:15     | Bought a scroll of fog for 56 gold pieces
 22737 | D:15     | Found a gate leading to a gauntlet.
 22746 | Gauntlet | Entered a Gauntlet
 22746 | Gauntlet | Found a transporter.
 22746 | Gauntlet | Found a transporter.
 22750 | Gauntlet | Found a transporter.
 22750 | Gauntlet | Found a transporter.
 22752 | Gauntlet | Found a large runed translucent door.
 22753 | Gauntlet | Found a large runed translucent door.
 22754 | Gauntlet | Found a large runed translucent door.
 22754 | Gauntlet | Found a large runed translucent door.
 22754 | Gauntlet | Found a runed translucent door.
 22754 | Gauntlet | Found a runed translucent door.
 22755 | Gauntlet | Found a large runed translucent door.
 22755 | Gauntlet | Found a large runed translucent door.
 22755 | Gauntlet | Found a large runed translucent door.
 22755 | Gauntlet | Found a large runed translucent door.
 22756 | Gauntlet | Found a large runed translucent door.
 22757 | Gauntlet | Found a large runed translucent door.
 22757 | Gauntlet | Found a transporter.
 22770 | Gauntlet | Found a large runed translucent door.
 22770 | Gauntlet | Found a large runed translucent door.
 22771 | Gauntlet | Found a large runed translucent door.
 22771 | Gauntlet | Found a large runed translucent door.
 22771 | Gauntlet | Found a large runed translucent door.
 22771 | Gauntlet | Found a large runed translucent door.
 22774 | Gauntlet | Found a runed translucent gate.
 22774 | Gauntlet | Found a runed translucent gate.
 22774 | Gauntlet | Found a runed translucent gate.
 22776 | Gauntlet | Found a transporter.
 22786 | Gauntlet | Found a transporter.
 22786 | Gauntlet | Found a transporter.
 22790 | Gauntlet | Found a transporter.
 22817 | Gauntlet | Found a transporter.
 22824 | Gauntlet | Found a transporter.
 22874 | Gauntlet | Found a transporter.
 22883 | Gauntlet | Found a transporter.
 22899 | Gauntlet | Found a transporter.
 23000 | Gauntlet | Found a transporter.
 23014 | Gauntlet | Found a transporter.
 23421 | Gauntlet | Identified the +1 rapier of Beastly Conscience {flame,
                  | rElec rN+ MP-9 Str+3}
 23500 | Gauntlet | Identified the +0 ice dragon scales of the Accordion {rPois
                  | rF- rC++ Int-2 Dex+4}
 24080 | D:15     | Found a staircase to the Depths.
 24558 | D:15     | Bought an ancient sling for 266 gold pieces
 24558 | D:15     | Identified the +2 sling "Akejigab" {freeze, Dex+4} (You
                  | bought it in a shop on level 15 of the Dungeon)
 24885 | Lair:5   | Found a burning altar of Makhleb.
 24941 | Lair:5   | Found a gateway to Hell.
 24948 | Lair:5   | Identified the +7 war axe "Noliop" {heavy, *Noise rN++
                  | Dex+5}
 24949 | Lair:5   | Got the Codex of Floating Erosion
 24951 | Hell     | Entered the Vestibule of Hell
 24951 | Hell     | Noticed Geryon
 25072 | Shoals:1 | Entered Level 1 of the Shoals
 25236 | Shoals:1 | Noticed Frances
 25242 | Shoals:1 | Killed Frances
 25398 | Shoals:1 | Noticed a kraken
 25428 | Shoals:1 | Killed a kraken
 25904 | Shoals:2 | Noticed a kraken
 25918 | Shoals:2 | Killed a kraken
 26365 | Shoals:3 | Reached XP level 17. HP: 131/131 MP: 17/17
 26461 | Shoals:3 | Acquired 340 gold pieces
 26472 | Shoals:3 | Found Iliuwup's Magic Scroll Emporium.
 26480 | Shoals:3 | Bought a scroll of identify for 30 gold pieces
 26480 | Shoals:3 | Bought a scroll of enchant armour for 112 gold pieces
 26480 | Shoals:3 | Bought a scroll of teleportation for 45 gold pieces
 26480 | Shoals:3 | Bought a scroll of enchant weapon for 112 gold pieces
 26480 | Shoals:3 | Bought a scroll of poison for 60 gold pieces
 26480 | Shoals:3 | Bought a scroll of poison for 60 gold pieces
 26630 | Shoals:3 | Found a runed translucent gate.
 26630 | Shoals:3 | Found a runed translucent gate.
 26630 | Shoals:3 | Found a runed translucent gate.
 26632 | Shoals:3 | Noticed Qachyfaph's ghost (adept DsGl)
 26632 | Shoals:3 | Noticed Kifroibbe's ghost (adept DsMo)
 26633 | Shoals:3 | Noticed Fyde's ghost (adept TeAE)
 26633 | Shoals:3 | Noticed Plog's ghost (adept OpAl)
 26930 | D:10     | Bought a scroll of vulnerability for 56 gold pieces
 26930 | D:10     | Bought a scroll of blinking for 105 gold pieces
 26930 | D:10     | Bought a scroll of teleportation for 42 gold pieces
 26930 | D:10     | Bought a scroll of fear for 56 gold pieces
 26930 | D:10     | Bought a scroll of enchant armour for 105 gold pieces
 27069 | Spider:1 | Entered Level 1 of the Spider Nest
 28174 | Spider:2 | Reached skill level 15 in Dodging
 29474 | Spider:3 | Reached skill level 10 in Evocations
 30278 | Spider:3 | Found a runed translucent door.
 30536 | Shoals:4 | Entered Level 4 of the Shoals
 31010 | Shoals:4 | Got a barnacled rune of Zot
 31201 | Shoals:4 | Reached XP level 18. HP: 147/147 MP: 18/18
 31369 | Shoals:4 | Identified the ring "Sikuas" {*Slow rF+ Str+2 Dex+3 SInv}
 31511 | Shoals:4 | Identified the ring of the Little Devil {rCorr Str+4}
 31946 | Spider:4 | Entered Level 4 of the Spider Nest
 31960 | Spider:4 | Reached skill level 15 in Fighting
 33186 | Spider:4 | Got a gossamer rune of Zot
 33631 | Spider:4 | Learned a level 3 spell: Swiftness
 33633 | Spider:4 | Bought a wand of acid (7) for 1117 gold pieces
 33633 | Spider:4 | Bought a wand of mindburst (9) for 478 gold pieces
 33633 | Spider:4 | Bought a potion of heal wounds for 190 gold pieces
 34079 | Vaults:1 | Entered Level 1 of the Vaults
 34207 | Vaults:1 | Reached skill level 1 in Air Magic
 34702 | Vaults:1 | Reached XP level 19. HP: 155/155 MP: 19/19
 35377 | Vaults:1 | Reached skill level 5 in Air Magic
 35962 | Vaults:2 | Found a flickering gateway to a bazaar.
 35984 | Bazaar   | Entered a bazaar
 35991 | Bazaar   | Found Ciatuiss's Assorted Antiques.
 35999 | Bazaar   | Bought a scroll of teleportation for 54 gold pieces
 36005 | Bazaar   | Found Uleugh's Weapon Boutique.
 36019 | Bazaar   | Found Dipakk's General Store.
 36027 | Bazaar   | Bought a scroll of fear for 28 gold pieces
 36027 | Bazaar   | Bought the +3 leather armour of Coci {rElec rF+} for 266
                  | gold pieces
 36027 | Bazaar   | Bought Lom Lobon's Compendium of Nonlocality for 294 gold
                  | pieces
 36033 | Bazaar   | Found Sioghicu's Antique Weapon Boutique.
 36047 | Bazaar   | Found Ceuphy's Antique Weapon Shop.
 36061 | Bazaar   | Found Misug's Magic Scroll Boutique.
 36069 | Bazaar   | Bought a scroll of revelation for 52 gold pieces
 36069 | Bazaar   | Bought a scroll of teleportation for 21 gold pieces
 36069 | Bazaar   | Bought a scroll of teleportation for 21 gold pieces
 36069 | Bazaar   | Bought a scroll of teleportation for 21 gold pieces
 36069 | Bazaar   | Bought a scroll of blinking for 52 gold pieces
 36069 | Bazaar   | Bought a scroll of enchant armour for 52 gold pieces
 36069 | Bazaar   | Bought a scroll of enchant armour for 52 gold pieces
 36075 | Bazaar   | Found Atimynu's Distillery.
 36083 | Bazaar   | Bought a potion of curing for 42 gold pieces
 36083 | Bazaar   | Bought 2 potions of enlightenment for 140 gold pieces
 36083 | Bazaar   | Bought a potion of enlightenment for 70 gold pieces
 36083 | Bazaar   | Bought a potion of curing for 42 gold pieces
 36159 | Bazaar   | Bought the +8 autumn katana {manifold assault} for 1313
                  | gold pieces
 36159 | Bazaar   | Found the +8 autumn katana {manifold assault}
 36175 | Bazaar   | Bought a runed demon blade for 378 gold pieces
 36304 | Vaults:2 | Found a staircase to the Crypt.
 36304 | Vaults:2 | Found an ancient bone altar of Kikubaaqudgha.
 36305 | Vaults:2 | Found a basalt altar of Yredelemnul.
 36614 | Vaults:2 | Found Hanoe's Book Boutique.
 37065 | Vaults:2 | Found Muuhoar's Magic Scroll Emporium.
 37078 | Vaults:2 | Bought a scroll of fog for 76 gold pieces
 37078 | Vaults:2 | Bought a scroll of teleportation for 57 gold pieces
 37078 | Vaults:2 | Bought a scroll of fog for 76 gold pieces
 37268 | Vaults:2 | Reached skill level 15 in Armour
 37846 | Vaults:3 | Identified the +3 robe of the Beginning {rF+ Dex+4 SInv}
 37846 | Vaults:3 | Noticed Boris
 37852 | Vaults:3 | Blown up by Boris

Illustrated notes

Levels and vault maps discovered:
D:1:      spicycebolla_arrival_ecumenical, layout_rooms
D:2:      layout_basic, hangedman_decor_opposing
D:3:      layout_basic
D:4:      layout_basic
D:5:      layout_basic, grunt_gozag_breadcrumbs, uniq_prince_ribbit1
D:6:      layout_loops_ring, nicolae_uskayaw_suspiria,
          minmay_temple_entry_statues_pillars, serial_shops, shop,
          nicolae_shop_rolling_square, uniq_grinder
D:7:      layout_rooms, mainiacjoe_overflow_catwalk
D:8:      layout_cave_pods, tgw_sif, kennysheep_mini, old_standard_altar,
          david_lair_generic, serial_shops, shop, dk_noncrumbling_3
D:9:      layout_cross, okawaru_metal_pillars_1_2, david_orc_4,
          hangedman_weighted_door, chequers_mini_garden, uniq_maggie, uniq_pikel
D:10:     layout_roguey, serial_shops, shop, minmay_lindwurm_lava
D:11:     layout_cave_pods, uniq_sonja
D:12:     layout_loops_cross
D:13:     layout_basic, grunt_vaults_entry_tiered, dreamdust_looks_like_rain
D:14:     layout_stronghold, nicolae_cairo_tiling_very_big
D:15:     hangedman_depths_entry_civil_slaughter, layout_stronghold,
          lemuel_tele_altar, serial_shops, shop, gauntlet_entry_generic
Lair:1:   layout_roguey, ebering_ghost_xom, columned_hall_lemuel, minmay_holes,
          wad_woods_01, uniq_jeremiah, uniq_urug
Lair:2:   layout_cave_shapes, minmay_shoals_entry_centaurs
Lair:3:   nzn_winding_woodlands_stair_cross [nzn_winding_woodlands_5x15_crooked,
          nzn_winding_woodlands_center_triple_pond,
          nzn_winding_woodlands_5x15_cabin, nzn_winding_woodlands_5x5_perimeter,
          nzn_winding_woodlands_5x5_open_star,
          nzn_winding_woodlands_5x15_sawtooth,
          nzn_winding_woodlands_center_lodge, nzn_winding_woodlands_5x15_eye],
          layout_hall_layers, nicolae_spider_entry_non_spiders,
          serial_bayou_pond_e, serial_bayou_shore_a, uniq_snorg, uniq_josephine
Lair:4:   layout_long_grid, slime_entry_2, infiniplex_staircase_pool
Lair:5:   evil_forest, layout_cellular_growth, chequers_serial_rivers_micro_d
Shoals:1: layout_shoals, uniq_frances
Shoals:2: layout_shoals, nicolae_tricolors
Shoals:3: layout_shoals, serial_shops, shop, gammafunk_ghost_cemetery
Shoals:4: shoals_end_grunt_ice, layout_shoals
Spider:1: nicolae_spider_jumping_over_cracks
          [nicolae_spider_jumping_sub_shuffled,
          nicolae_spider_jumping_sub_narrow,
          nicolae_spider_jumping_sub_shuffled,
          nicolae_spider_jumping_sub_shuffled]
Spider:2: layout_chambers, portal_ice_cave_entry_dragon
Spider:3: cheibrodos_spider_deadly_dance
Spider:4: grunt_spider_rune_island, nicolae_spider_bug_shape
Orc:1:    layout_diamond_mine, serial_shops, nicolae_shop_tiny_waterfront,
          nicolae_shop_window_shopping
Orc:2:    st_orc_mages, layout_caves
Vaults:1: minmay_orc_keep, nicolae_vaults_circle_grid_a, vaults_room_hallway,
          nicolae_vaults_diamond_2, vaults_room_fancy_cross,
          nicolae_vaults_tetromino_L_1, nicolae_vaults_little_squares_5,
          nicolae_vaults_offset_grid_hallway_1, nicolae_vaults_tetromino_L_2,
          hangedman_vaults_stitches, nicolae_vaults_closet_pinwheel_4,
          v_misc_19, nicolae_vaults_holding_cells,
          nicolae_vaults_sesquioval_fish, vaults_room_corners,
          nicolae_vaults_mini_display_case, nicolae_vaults_little_squares_6,
          layout_vaults_omnicross
Vaults:2: v_misc_33, v_misc_29, nicolae_vaults_triangles,
          nicolae_vaults_little_ls, vaults_room_pools,
          nicolae_vaults_what_the_h, layout_vaults_quadrants,
          minmay_crypt_entry_necro_gods, serial_shops, bzr_entry_gold, shop,
          shop
Vaults:3: mu_enter_wizlab_1, nicolae_vaults_tetromino_T_2,
          hangedman_vaults_stagger, ontoclasm_vaults_gateway,
          nicolae_vaults_stairing_the_circle, nicolae_vaults_rhombus_6,
          nicolae_vaults_variable_pillar_hall, nicolae_vaults_storage_closets_1,
          layout_vaults_chaotic_city, uniq_donald, uniq_boris, uniq_margery,
          uniq_frederick
Hell

Skill      XL: |  1  2  3  4  5  6  7  8  9 10 11 12 13 14 15 16 17 18 19 |
---------------+----------------------------------------------------------+-----
Fighting       | 3 4 5 6 9 10 11 14 15 | 15.0
Unarmed Combat | 3 4 6 |  6.5
Ranged Weapons | 7 10 12 14 16 18 | 18.0
Evocations     | 1 6 7 10 | 10.0
Dodging        | 8 9 10 11 14 15 | 15.0
Armour         | 3 10 13 15 | 15.3
Air Magic      | 3 7 |  7.8
Stealth        | |  0.7

Action                     |  1- 3 |  4- 6 |  7- 9 | 10-12 | 13-15 | 16-18 | 19-21 || total
---------------------------+-------+-------+-------+-------+-------+-------+-------++-------
  Melee: Sling             |       |       |       |       |       |     1 |       ||     1
         Hand cannon       |       |       |       |       |       |     1 |       ||     1
   Fire: Sling             |   146 |   176 |   286 |   403 |   911 |  1167 |   364 ||  3453
         Hand cannon       |       |       |   108 |   403 |   911 |  1167 |   364 ||  2953
 Invoke: Call Merchant     |       |       |       |     2 |     1 |     2 |       ||     5
         Potion Petition   |       |       |       |       |       |     2 |       ||     2
Ability: Invent Gizmo      |       |       |       |       |     1 |       |       ||     1
  Evoke: Wand              |       |     5 |    10 |     9 |     1 |       |       ||    25
         Box of beasts     |       |       |       |       |     1 |     2 |       ||     3
    Use: Scroll            |       |       |    11 |    14 |     8 |    14 |     1 ||    48
         Potion            |       |       |       |     4 |     1 |       |       ||     5
 Armour: Leather armour    |     7 |    37 |    51 |    96 |   136 |       |    35 ||   362
         Robe              |       |       |       |       |     2 |   256 |    42 ||   300
         Skin              |       |       |       |       |       |    11 |       ||    11
  Dodge: Dodged            |    11 |    34 |    35 |    96 |   157 |   406 |    91 ||   830

Table legend: (Time is in decaauts)
 A = Elapsed time spent in this place.
 B = Non-inter-level travel time spent in this place.
 C = Inter-level travel time spent in this place.
 D = Time resting spent in this place.
 E = Time spent auto-exploring this place.
 F = Levels seen in this place.
 G = Mean time per level.
                   A        B        C        D        E       F      G
               +--------+--------+--------+--------+--------+-----+--------+
         Total |  38076 |  33942 |   4134 |   3047 |  23668 |  36 | 1057.7 |
       Dungeon |  16133 |  14323 |   1810 |   2019 |   9588 |  15 | 1075.5 |
          Lair |   7570 |   6622 |    948 |    764 |   4635 |   5 | 1514.0 |
        Shoals |   3151 |   2853 |    298 |     38 |   2157 |   4 |  787.8 |
   Spider Nest |   5534 |   4778 |    756 |    126 |   3699 |   4 | 1383.5 |
  Orcish Mines |   1176 |   1034 |    142 |      0 |    773 |   2 |  588.0 |
        Vaults |   3469 |   3292 |    177 |     75 |   2391 |   3 | 1156.3 |
          Hell |      1 |      1 |      0 |      0 |      0 |   1 |    1.0 |
        Bazaar |    241 |    241 |      0 |      0 |    103 |   1 |  241.0 |
      Gauntlet |    797 |    797 |      0 |     24 |    321 |   1 |  797.0 |
               +--------+--------+--------+--------+--------+-----+--------+

Top non-repeatable levels by time:
     D:8: 2084 daAuts
Vaults:1: 1836 daAuts
  Lair:3: 1786 daAuts
  Lair:1: 1723 daAuts
  Lair:2: 1659 daAuts
Spider:4: 1656 daAuts
     D:6: 1646 daAuts
Vaults:2: 1539 daAuts
Spider:1: 1398 daAuts
Spider:2: 1395 daAuts
  Lair:5: 1344 daAuts
     D:9: 1291 daAuts
    D:10: 1251 daAuts
    D:13: 1223 daAuts
    D:15: 1213 daAuts
